 Dungeon Crawl Stone Soup version 0.23.2-1-ga50397a (webtiles) character file.

Game seed: 6195722506171445759

201 Crabhammer the Stinger (level 5, 0/44 HPs)
             Began as a Naga Venom Mage on May 21, 2019.
             Slain by a wraith (14 damage)
             ... in an ossuary.
             The game lasted 00:13:17 (2889 turns).

Crabhammer the Stinger (Naga Venom Mage)            Turns: 2889, Time: 00:13:18

Health: 0/44       AC:  3    Str: 11    XL:     5   Next: 79%
Magic:  10/10      EV: 10    Int: 16    God:
Gold:   190        SH:  0    Dex: 11    Spells: 4/10 levels left

rFire    + . .     SeeInvis +   o - +2 dagger (speed)
rCold    + . .     Gourm    .   (no shield)
rNeg     . . .     Faith    .   a - +0 robe
rPois    +         Spirit   .   (no helmet)
rElec    .         Reflect  .   g - scarf {rC+ rF+}
rCorr    .         Harm     .   d - +0 pair of gloves
MR       .....                  (no barding)
Stlth    ++........             (no amulet)
HPRegen  0.14/turn              (no ring)
MPRegen  0.12/turn              (no ring)

@: slowed, very slow
A: large, see invisible, deformed body, poison resistance, slowness 2, slow
metabolism 1, spit poison 1, AC +1
a: Spit Poison


You were in an ossuary.
You were not hungry.

You visited 1 branch of the dungeon, and saw 4 of its levels.
You also visited: Ossuary.

You collected 190 gold pieces.

Inventory:

Hand Weapons
 o - a +2 dagger of speed (weapon)
 p - a +0 flail of holy wrath
Armour
 a - a +0 robe (worn)
 d - a +0 pair of gloves (worn)
 g - a scarf of resistance (worn)
Scrolls
 m - a scroll of remove curse
 n - 4 scrolls of identify {unknown}
Potions
 b - a potion of invisibility {unknown}
 e - a potion of brilliance {unknown}
 f - a potion of heal wounds {unknown}
 h - a potion of curing {unknown}
 i - a potion of haste {unknown}
 j - a potion of flight {unknown}
 k - 2 potions of might {unknown}
 l - a potion of agility {unknown}
Comestibles
 c - 14 rations


   Skills:
 + Level 1.0 Fighting
 + Level 2.3 Dodging
 - Level 3.0 Stealth
 + Level 3.3 Spellcasting
 + Level 2.3 Conjurations
 + Level 5.6 Poison Magic


You had 4 spell levels left.
You knew the following spells:

 Your Spells              Type           Power        Failure   Level  Hunger
a - Sting                 Conj/Pois      ###.         3%          1    None
b - Poisonous Vapours     Pois/Air       ##....       9%          2    ##.....
c - Mephitic Cloud        Conj/Pois/Air  ##......     19%         3    ###....

Your spell library contained the following spells:

 Spells                   Type           Power        Failure   Level  Hunger
 Olgreb's Toxic Radiance  Pois           ###.....     19%         4    ####...
 Venom Bolt               Conj/Pois      ###.......   69%         5    ######.


Dungeon Overview and Level Annotations

Branches:
Dungeon (4/15)
 Temple: D:4-7

Altars:
Elyvilon
Ru
Sif Muna

Shops:
D:4 (


Innate Abilities, Weirdness & Mutations

You cannot wear boots.
Your serpentine skin is tough. (AC +1)
You have supernaturally acute eyesight. (SInv)
Armour fits poorly on your strangely shaped body.
Your system is resistant to poisons. (rPois)
You cover ground very slowly.
You have a slow metabolism.
You can spit poison.


Message History

You hit the wraith.
The wraith is moderately damaged.
The wraith hits you. The wraith drains your vigour!
You feel as though you will be slow longer.
Unknown command.
The wraith hits you! The wraith drains your vigour!
You feel as though you will be slow longer.
Casting: Sting (safe; 3% risk of failure)
Confirm with . or Enter, or press ? or * to list all spells.
Okay, then.
Unknown command.
Okay, then.
The wraith hits you but does no damage.
You hit the wraith but do no damage.
The wraith is moderately damaged.
The wraith hits you.
You hit the wraith but do no damage.
The wraith is moderately damaged.
The wraith hits you!
You die...

#.# #'# #.#
###.### #z▓.▓W#
###.### #.#
#######'######
#..W@.........#
#.'##.###.##+.#
#.#.#.# .#
#.###.###.##
#............
#............
#.###.?//.###
#.#z#.?!/.#
#.###.?/!.#


You could see a wraith.

Vanquished Creatures
  3 orc wizards (D:3)
  3 adders (D:3)
  An adder zombie (Ossuary)
  A worm (D:2)
  A dart slug (D:1)
  3 leopard geckos
  12 orcs
  4 giant cockroaches
  4 goblins
  6 hobgoblins
  A quokka (D:3)
  A ball python (D:3)
  7 bats
  4 frilled lizards
  4 hobgoblin skeletons (Ossuary)
  2 hobgoblin zombies (Ossuary)
  6 kobolds
  A kobold zombie (Ossuary)
  An orc skeleton (Ossuary)
  8 rats
73 creatures vanquished.

Notes
Turn   | Place    | Note
-------+----------+-------------------------------------------
     0 | D:1      | Crabhammer the Naga Venom Mage began the quest for the Orb.
     0 | D:1      | Reached XP level 1. HP: 15/15 MP: 3/3
   124 | D:1      | Reached XP level 2. HP: 17/22 MP: 0/5
   470 | D:1      | Learned a level 2 spell: Poisonous Vapours
   797 | D:1      | Reached XP level 3. HP: 28/28 MP: 6/6
   802 | D:1      | Learned a level 3 spell: Mephitic Cloud
  1065 | D:2      | Found a sacrificial altar of Ru.
  1666 | D:3      | Found a deep blue altar of Sif Muna.
  1775 | D:3      | Reached skill level 5 in Poison Magic
  1775 | D:3      | Reached XP level 4. HP: 37/37 MP: 0/8
  2076 | D:3      | Reached XP level 5. HP: 43/43 MP: 7/9
  2313 | D:3      | Reached skill level 1 in Fighting
  2569 | D:2      | Found a white marble altar of Elyvilon.
  2665 | D:4      | Found Baraisch's Weapon Shop.
  2701 | D:4      | Found a sand-covered staircase.
  2710 | Ossuary  | Entered an ossuary
  2862 | Ossuary  | Noticed a flying skull
  2862 | Ossuary  | Noticed a wraith
  2870 | Ossuary  | Noticed a flying skull
  2883 | Ossuary  | Noticed a wraith
  2889 | Ossuary  | Slain by a wraith

Skill      XL: |  1  2  3  4  5 |
---------------+----------------+-----
Dodging        | 2 |  2.3
Poison Magic   | 5 |  5.6
Spellcasting   | 3 |  3.3
Conjurations   | 2 |  2.3
Fighting       | 1 |  1.0
Stealth        | |  3.0

Action                   |  1- 3 |  4- 6 || total
-------------------------+-------+-------++-------
Melee: Unarmed           |    15 |       ||    15
       Short sword       |    11 |       ||    11
       Dagger            |    10 |    66 ||    76
 Cast: Sting             |    41 |    23 ||    64
       Poisonous Vapours |    10 |     1 ||    11
 Abil: Spit Poison       |    16 |    11 ||    27
  Use: Scroll            |       |     4 ||     4
 Stab: Sleeping          |     2 |     5 ||     7
  Eat: Chunk             |     4 |     4 ||     8
Armor: Robe              |    17 |     4 ||    21
Dodge: Dodged            |    30 |    21 ||    51
